 Dungeon Crawl Stone Soup version 0.22.0 (webtiles) character file.

396 Firecrotchwizard the Covered (level 6, -2/56 HPs)
             Began as a Minotaur Berserker on Aug 11, 2018.
             Was a Priest of Trog.
             Slain by Pikel
             ... wielding a +2 whip of electrocution
              (5 damage)
             ... on level 4 of the Dungeon.
             The game lasted 00:04:21 (3238 turns).

Firecrotchwizard the Covered (Minotaur Berserker)   Turns: 3238, Time: 00:04:22

Health: -2/56      AC: 13    Str: 21    XL:     6   Next: 52%
Magic:  0/5        EV:  7    Int:  4    God:    Trog [***...]
Gold:   136        SH:  0    Dex: 12    Spells: 5/5 levels left

rFire    . . .     SeeInvis .   a - +0 hand axe
rCold    . . .     Gourm    .   (no shield)
rNeg     . . .     Faith    .   m - +0 plate armour
rPois    .         Spirit   +   o - +1 hat
rElec    .         Reflect  .   (no cloak)
rCorr    .         Harm     .   (no gloves)
MR       .....                  (no boots)
Stlth    ..........             t - amulet of guardian spirit {Spirit}
HPRegen  0.18/turn              (no ring)
MPRegen  0.09/turn              (no ring)

@: berserk cooldown, starving, slowed, very slow
A: retaliatory headbutt, horns 2
a: Berserk, Trog's Hand, Renounce Religion


You were on level 4 of the Dungeon.
You worshipped Trog.
Trog was most pleased with you.
You were starving.

You visited 1 branch of the dungeon, and saw 4 of its levels.

You collected 136 gold pieces.

Inventory:

Hand Weapons
 a - a +0 hand axe (weapon)
Armour
 b - a +0 animal skin
 m - a +0 plate armour (worn)
   (You found it on level 2 of the Dungeon)
 o - a +1 hat (worn)
   (You found it on level 2 of the Dungeon)
Jewellery
 t - an amulet of guardian spirit (around neck) {Spirit}
   (You found it on level 2 of the Dungeon)
Wands
 q - a wand of polymorph (3)
   (You took it off Ijyb on level 2 of the Dungeon)
Scrolls
 d - 2 scrolls of fog {unknown}
 f - 4 scrolls of identify
 h - 2 scrolls of immolation {unknown}
 j - a scroll of remove curse {unknown}
 p - 2 scrolls of enchant weapon {unknown}
 r - 2 scrolls of teleportation {unknown}
 v - a scroll of blinking {unknown}
Potions
 e - a potion of invisibility {unknown}
 g - a potion of brilliance {unknown}
 i - 2 potions of magic {unknown}
 k - 3 potions of curing {unknown}
 n - a potion of lignification {unknown}
 s - 2 potions of might {unknown}
 u - 2 potions of heal wounds {unknown}
 w - a potion of mutation {unknown}
 x - a potion of resistance {unknown}
Comestibles
 c - 8 rations {@e1}


   Skills:
 + Level 5.4 Fighting
 + Level 5.3 Axes
 * Level 6.0 Armour
 - Level 2.6 Dodging


You had 5 spell levels left.
You didn't know any spells.
Your spell library was empty.

Dungeon Overview and Level Annotations

Branches:
Dungeon (4/15)
 Temple: D:4-7

Altars:
Elyvilon
Kikubaaqudgha
Makhleb
Zin

Annotations:
D:4 Pikel


Innate Abilities, Weirdness & Mutations

You reflexively headbutt those who attack you in melee.
You have a pair of horns on your head.


Message History

You see here a tomahawk.
You see here a ring mail.
There is a stone staircase leading up here.
You are feeling very hungry.
There is an open door here.
You see here a poisoned needle.
You see here a poisoned needle.
You see here a club.
There is a stone staircase leading down here.
You climb downwards.
There is a stone staircase leading up here.
An ogre comes into view. It is wielding a giant spiked club.
The ogre shouts!
You hear an angry hiss.
You hear a shout!
The ogre hits you with a giant spiked club!!
You take 20 damage, and have 36/56 hp.
MASSIVE DAMAGE!!
You now have 4/5 mp.
You are too injured to fight recklessly!
You are too injured to fight recklessly!
You are too injured to fight recklessly!
You are too injured to fight recklessly!
A red film seems to cover your vision as you go berserk!
You feel yourself moving faster!
You feel mighty!
You are starving!
You now have 54/84 hp.
You completely miss the ogre. Your headbutt misses the ogre.
The ogre hits you with a giant spiked club!
You take 8 damage, and have 46/84 hp.
You hit the ogre. You slash the ogre! You headbutt the ogre.
The ogre hits you with a giant spiked club.
You hit the ogre. You hit the ogre.
You kill the ogre!
Trog accepts your kill.
Your Armour skill increases to level 6!
Things that are here:
a giant spiked club; an ogre corpse You butcher the ogre corpse.
You feel a strong urge to attack something.
There isn't anything to butcher here.
You're too hungry to rest.
You're too hungry to rest.
You're too hungry to rest.
You're too hungry to rest.
You're too hungry to rest.
You're too hungry to rest.
You feel your anger nearly subside.
You are no longer berserk.
You are exhausted.
You feel yourself slow down.
You now have 31/56 hp.
You're too hungry to rest.
An adder comes into view.
Unknown command.
You're too hungry to rest.
The adder hisses angrily.
MP restored: 5 You're too hungry to rest.
Things that are here:
a giant spiked club; 2 chunks of flesh {@w0} You hit the adder.
The adder bites you but does no damage. The adder closely misses you.
You barely miss the adder. Your headbutt misses the adder.
The adder closely misses you. The adder bites you but does no damage.
You hit the adder. The adder bites you but does no damage.
The adder closely misses you.
Your plate armour prevents you from hitting the adder.
The adder bites you but does no damage. The adder bites you.
A slave comes into view.
You take 2 damage, and have 31/56 hp.
You closely miss the adder.
The slave shouts!
The adder bites you but does no damage. The adder bites you.
Pikel the Slaver comes into view.
He is wielding a whip of electrocution.
You take 1 damage, and have 30/56 hp.
You barely miss the adder. The adder closely misses you.
You furiously retaliate!
You headbutt the adder!
You kill the adder!
Trog accepts your kill. Pikel hits you but does no damage.
You are electrocuted!
* * * LOW HITPOINT WARNING * * *
You take 14 damage, and have 16/56 hp.
MASSIVE DAMAGE!!
You now have 3/5 mp.
Things that are here:
a giant spiked club; 2 chunks of flesh {@w0} You hit Pikel but do no damage.
Pikel hits you but does no damage.
Pikel hits you with a whip of electrocution.
* * * LOW HITPOINT WARNING * * *
You are electrocuted!
* * * LOW HITPOINT WARNING * * *
You take 15 damage, and have 2/56 hp.
MASSIVE DAMAGE!!
You now have 0/5 mp.
The slave shouts!
You hit Pikel but do no damage. Pikel hits you but does no damage.
You hit Pikel.
Pikel hits you with a whip of electrocution.
You die...

##... ##.... .....
....# #.... #...##
#...p# #..#K#
########### #..#@##
..........# #..#..#
.########.###..##.#
.# #..........##.#
.# ##.###.###.....#
.###.p.##.#
####..##
..........# #...#
####...#### #.#.##
##.## #.#..#


You could see Pikel and a slave.

Vanquished Creatures
  2 ogres (D:4)
  An orc wizard (D:3)
  Ijyb (D:2)
  Robin (D:3)
  5 adders
  2 oozes
  3 worms
  A dart slug (D:2)
  2 leopard geckos
  10 orcs (D:3)
  6 bats
  A giant cockroach (D:1)
  16 goblins
  11 hobgoblins
  4 jackals
  8 kobolds
  4 frilled lizards
  15 rats
  A rat zombie (D:2)
94 creatures vanquished.

Notes
Turn   | Place    | Note
-------+----------+-------------------------------------------
     0 | D:1      | Firecrotchwizard the Minotaur Berserker began the quest for the Orb.
     0 | D:1      | Reached XP level 1. HP: 19/19 MP: 0/0
   291 | D:1      | Reached XP level 2. HP: 27/27 MP: 1/1
   807 | D:2      | Reached skill level 4 in Axes
   808 | D:2      | Reached skill level 4 in Fighting
   810 | D:2      | Reached skill level 3 in Armour
   841 | D:2      | Reached XP level 3. HP: 23/33 MP: 2/2
   854 | D:2      | Found a faded altar of an unknown god.
  1051 | D:2      | Found an ancient bone altar of Kikubaaqudgha.
  1125 | D:2      | Reached ** piety under Trog
  1146 | D:2      | Found a glowing silver altar of Zin.
  1197 | D:2      | Noticed Ijyb
  1238 | D:2      | Killed Ijyb
  1238 | D:2      | Reached XP level 4. HP: 30/41 MP: 3/3
  1378 | D:2      | Reached skill level 4 in Armour
  1412 | D:2      | Found a burning altar of Makhleb.
  1850 | D:3      | Found a white marble altar of Elyvilon.
  1909 | D:3      | Noticed Robin
  1921 | D:3      | Reached *** piety under Trog
  1922 | D:3      | Reached XP level 5. HP: 47/47 MP: 2/4
  1934 | D:3      | Killed Robin
  2362 | D:3      | Reached skill level 5 in Armour
  2654 | D:4      | Noticed an ogre
  2659 | D:4      | HP: 16/70 [ogre/giant spiked club (26)]
  2660 | D:4      | Killed an ogre
  2660 | D:4      | Reached skill level 5 in Fighting
  2660 | D:4      | Reached skill level 5 in Axes
  2660 | D:4      | Reached XP level 6. HP: 20/56 MP: 1/5
  3064 | D:4      | Noticed a slave
  3064 | D:4      | Noticed a slave
  3219 | D:4      | Reached skill level 6 in Armour
  3231 | D:4      | Noticed a slave
  3232 | D:4      | Noticed Pikel
  3236 | D:4      | HP: 14/56 [Pikel/whip of electrocution (3)]
  3236 | D:4      | HP: 2/56 [Pikel/whip of electrocution (12)]
  3238 | D:4      | Slain by Pikel

Skill      XL: |  1  2  3  4  5  6 |
---------------+-------------------+-----
Axes           | 4 5 |  5.3
Fighting       | 4 5 |  5.4
Armour         | 3 4 5 6 |  6.0
Dodging        | |  2.6

Action                   |  1- 3 |  4- 6 || total
-------------------------+-------+-------++-------
Melee: Hand axe          |    73 |   154 ||   227
       Headbutt          |    14 |    27 ||    41
       Unarmed           |    12 |       ||    12
Invok: Berserk           |       |     3 ||     3
  Use: Scroll            |       |     1 ||     1
  Eat: Chunk             |     1 |     7 ||     8
Armor: Animal skin       |     4 |       ||     4
       Plate armour      |    38 |    97 ||   135
Dodge: Dodged            |    43 |    55 ||    98

Vault maps used:
D:1:      dpeg_arrival_prison
D:2:      kennysheep_the_goblin_king, lemuel_zombie_altar_kikubaaqudgha,
          bloody_makhleb, overflow_temple_1_default,
          chequers_ecumenical_altar_island, first_ration
D:3:      nicolae_overflow_hidden_temple, uniq_robin
D:4:      kennysheep_little_box, due_unseen_surprise, uniq_natasha, uniq_pikel

Table legend:
 A = Turns spent in this place as a percentage of turns spent in the entire game.
 B = Non-inter-level travel turns spent in this place as a percentage of non-inter-level travel turns spent in the entire game.
 C = Inter-level travel turns spent in this place as a percentage of turns spent in this place.
 D = Turns resting spent in this place as a percentage of non-inter-level travel turns spent in this place.
 E = Turns spent auto-exploring this place as a percentage of non-inter-level travel turns spent in this place.
 F = Non-inter-level travel turns spent in this place divided by the number of levels of this place that you've seen.
                   A       B       C       D       E      F
               +-------+-------+-------+-------+-------+----------------------
         Total | 100.0 | 100.0 |   4.9 |  23.9 |  58.4 | 769.8
       Dungeon | 100.0 | 100.0 |   4.9 |  23.9 |  58.4 | 769.8
               +-------+-------+-------+-------+-------+----------------------

Table legend:
 A = Kills in this place as a percentage of kills in entire the game.
 B = Kills by you in this place as a percentage of kills by you in the entire game.
 C = Kills by friends in this place as a percentage of kills by friends in the entire game.
 D = Other kills in this place as a percentage of other kills in the entire game.
 E = Experience gained in this place as a percentage of experience gained in the entire game.
 F = Experience gained in this place divided by the number of levels of this place that you have seen.
                   A       B       C       D       E      F
               +-------+-------+-------+-------+-------+----------------------
         Total | 100.0 | 100.0 |   N/A |   N/A | 100.0 | 141.8
       Dungeon | 100.0 | 100.0 |   N/A |   N/A | 100.0 | 141.8
               +-------+-------+-------+-------+-------+----------------------
